 Dungeon Crawl Stone Soup version 0.17.0-24-gcfadda4 (webtiles) character file.

231 TruthSerum the Ruffian (level 5, -1/54 HPs)
             Began as a Troll Monk on Nov 15, 2015.
             Slain by Sigmund
             ... wielding a +0 scythe of venom
              (14 damage)
             ... on level 3 of the Dungeon.
             The game lasted 00:07:25 (2308 turns).

TruthSerum the Ruffian (Troll Monk)                 Turns: 2308, Time: 00:07:25

Health: -1/54      AC:  7    Str: 19    XL:     5   Next: 72%
Magic:  4/4        EV: 11    Int:  8    God:
Gold:   169        SH:  0    Dex: 13    Spells: 0 memorised, 4 levels left

rFire  . . .     SeeInvis .       - Unarmed
rCold  . . .     Clarity  .     a - +0 robe
rNeg   . . .     SustAt   .     (no shield)
rPois  .         Gourm    +     u - +2 hat
rElec  .         Spirit   .     (no cloak)
rCorr  .         Warding  .     (gloves unavailable)
rMut   .         Stasis   .     (boots unavailable)
MR     .....                    (no amulet)
Stlth  +.........               j - ring of flight
                                h - +2 ring of intelligence

@: lethally poisoned (-1 -> -9), not resistant to hostile enchantments, very
unstealthy
A: unfitting armour, claws 3, fast metabolism 3, gourmand, regeneration 2,
shaggy fur 1, tough skin 2
a: Evoke Flight


You were on level 3 of the Dungeon.
You were very full.

You visited 1 branch of the dungeon, and saw 3 of its levels.

You collected 169 gold pieces.

Inventory:

Armour
 a - a +0 robe (worn)
 u - a +2 hat (worn)
Jewellery
 h - a +2 ring of intelligence (left claw)
 j - a ring of flight (right claw)
Scrolls
 c - 6 scrolls of identify {unknown}
 d - 5 scrolls of remove curse {unknown}
 e - a scroll of enchant armour {unknown}
 k - 2 scrolls of teleportation {unknown}
 m - a scroll of amnesia {unknown}
 o - a scroll of blinking {unknown}
 r - a scroll of recharging {unknown}
 s - 2 scrolls of random uselessness {unknown}
 t - 2 scrolls of enchant weapon {unknown}
Potions
 f - 2 potions of heal wounds {unknown}
 i - 2 potions of curing {unknown}
 l - 2 potions of magic {unknown}
 q - a potion of might {unknown}
 v - a potion of agility {unknown}
Comestibles
 b - 8 bread rations
 g - a royal jelly
 n - a fruit
 p - 5 chunks of flesh


   Skills:
 + Level 3.6 Fighting
 + Level 3.7 Dodging
 - Level 1.1 Stealth
 + Level 5.1 Unarmed Combat


You had 4 spell levels left.
You didn't know any spells.

Dungeon Overview and Level Annotations

Branches:
Dungeon (3/15)

Altars:
Vehumet

Annotations:
D:3 Sigmund


Innate Abilities, Weirdness & Mutations

You are too large for most types of armour.
You have claws for hands.
Your metabolism is lightning-fast.
You like to eat raw meat.
You heal very quickly.
You are covered in fur (AC +1).
You have very tough skin (AC +2).


Message History

You barely miss Sigmund.
You feel sick.
Sigmund gestures wildly while chanting.
Sigmund flickers and vanishes!
Deactivating autopickup; reactivate with Ctrl-A.
You barely miss something.
You feel sick.
You hear some strange, mumbled words.
A puff of flame appears from out of thin air!
The puff of flame misses you.
You miss something.
You feel sick.
You hear a zap.
You are blasted!
You closely miss something.
You feel sick.
You claw something!
You feel sick.
You hear a zap.
Something tries to affect you, but you resist.
You scratch something.
You feel sick. Something hits you.
* * * LOW HITPOINT WARNING * * *
You are more poisoned.
You claw something!
You feel sick. Something hits you!
You die...

##[#.#.#.# ##.#
#...)....# #..#
##.#.#.#.#####.##
#.####..........#
###.####...#####..#
...#......## #..#
###.####### #..#
### #..# #@.# #{.#
#..# .... .....
......# ......#
♣##....#


There were no monsters in sight!

Vanquished Creatures
  Ijyb (D:3)
  2 orc wizards (D:3)
  Terence (D:2)
  6 adders
  A gnoll (D:1)
  2 oozes
  3 worms
  4 orcs (D:3)
  A giant cockroach (D:2)
  7 goblins
  4 hobgoblins
  3 jackals (D:3)
  2 ball pythons
  2 bats (D:2)
  A giant gecko (D:2)
  3 giant newts
  7 kobolds
  8 rats
58 creatures vanquished.

Vanquished Creatures (others)
  A jackal (D:3)
1 creature vanquished.

Grand Total: 59 creatures vanquished

Notes
Turn   | Place    | Note
--------------------------------------------------------------
     0 | D:1      | TruthSerum the Troll Monk began the quest for the Orb.
     0 | D:1      | Reached XP level 1. HP: 22/22 MP: 0/0
   278 | D:1      | Reached XP level 2. HP: 29/29 MP: 1/1
  1029 | D:2      | Reached XP level 3. HP: 36/36 MP: 2/2
  1289 | D:2      | Found a radiant altar of Vehumet.
  1342 | D:2      | Noticed Terence
  1349 | D:2      | Killed Terence
  1349 | D:2      | Reached XP level 4. HP: 41/45 MP: 3/3
  1686 | D:3      | Reached XP level 5. HP: 45/53 MP: 4/4
  2103 | D:3      | Reached skill level 5 in Unarmed Combat
  2115 | D:3      | Found a faded altar to an unknown god.
  2167 | D:3      | Noticed Ijyb
  2178 | D:3      | Killed Ijyb
  2293 | D:3      | Noticed Sigmund
  2308 | D:3      | Slain by Sigmund

Action                   |  1- 3 |  4- 6 || total
-------------------------+-------+-------++-------
Melee: Unarmed           |    74 |    91 ||   165
 Stab: Sleeping          |     3 |     2 ||     5
  Eat: Chunk             |    16 |    10 ||    26
